 Dungeon Crawl Stone Soup version 0.30-a0-6-g7c9e10e132 (webtiles) character file.

Game seed: 171814771571856140

505 Setbun the Magician (level 7, -5/45 HPs)
             Began as a Djinni Ice Elementalist on Aug 22, 2022.
             Splashed by a jelly's acid (7 damage)
             ... on level 5 of the Dungeon.
             The game lasted 00:04:22 (5323 turns).

Setbun the Magician (Djinni Ice Elementalist)       Turns: 5323, Time: 00:04:22

Health: -5/45      AC: -2    Str:  7    XL:     7   Next: 41%
Gold:   271        EV: 12    Int: 19    God:
                   SH:  0    Dex: 13

rFire   + . .      SeeInvis .    l - staff of death
rCold   . . .      Faith    .    (no shield)
rNeg    + . .      Spirit   .    a - +0 robe
rPois   ∞          Reflect  .    (no helmet)
rElec   .          Harm     .    (no cloak)
rCorr   .          Rampage  .    (no gloves)
Will    .....                    (boots unavailable)
Stlth   ++........               (no amulet)
HPRegen 0.15/turn                i - ring of wizardry
MPRegen 0.00/turn                n - ring of ice

@: corroded, flying
A: sickness immunity, fire resistance 2, cold vulnerability 1, float, innate
caster, HP casting, extra vitality 1
a: no special abilities


You were on level 5 of the Dungeon.
You visited 1 branch of the dungeon, and saw 5 of its levels.

You collected 271 gold pieces.

Inventory:

Armour
 a - a +0 robe (worn)
 o - a +0 pair of boots
Magical Staves
 l - a staff of death (weapon)
Jewellery
 i - a ring of wizardry (left hand)
 k - a ring of fire
 n - a ring of ice (right hand)
Scrolls
 d - 3 scrolls of identify {unknown}
 f - a scroll of immolation {unknown}
 g - 7 scrolls of teleportation {unknown}
 h - 2 scrolls of blinking {unknown}
 p - 2 scrolls of magic mapping {unknown}
 q - a scroll of brand weapon {unknown}
 s - a scroll of amnesia {unknown}
 t - a scroll of silence {unknown}
Potions
 b - 7 potions of curing {unknown}
 c - a potion of cancellation {unknown}
 e - 2 potions of lignification {unknown}
 j - a potion of might {unknown}
 m - a potion of flight {unknown}
 r - a potion of attraction {unknown}


   Skills:
 - Level 2.1 Dodging
 - Level 1.5 Stealth
 * Level 6.5 Spellcasting


You had 2 spell levels left.
You knew the following spells:

 Your Spells              Type           Power      Damage    Failure   Level
a - Freeze                Ice            100%       1d11      1%          1
b - Frozen Ramparts       Ice            92%        1d14      1%          3
c - Ozocubu's Armour      Ice            46%        N/A       1%          3
d - Hailstorm             Conj/Ice       46%        3d11      2%          4
e - Summon Small Mammal   Summ           100%       N/A       1%          1
f - Ensorcelled Hibernat  Hex/Ice        92%        N/A       1%          2
g - Confusing Touch       Hex            31%        N/A       1%          3
Your spell library was empty.

Dungeon Overview and Level Annotations

Branches:
Dungeon (5/15)
 Temple: D:4-7

Altars:
Cheibriados
Ru


Innate Abilities, Weirdness & Mutations

You are immune to sickness and miasma.
You are immune to poison.
Your flesh is very heat resistant. (rF++)
You are vulnerable to cold. (rC-)
You float through the air rather than walking.
You learn spells naturally, not from books.
Your magical power is your life essence.
You have superior vitality. (+4 MHP)


Message History

Aiming: Freeze (safe; 1% risk of failure)
Press: ? - help, Q - select action, (/) - cycle Shift-Dir - straight line, f/p - ogre
Aim: an ogre, wielding a +0 giant club (severely wounded)
You feel a surge of power!
You freeze the ogre.
The ogre is severely wounded.
* * * LOW HITPOINT WARNING * * *
Aiming: Freeze (safe; 1% risk of failure)
Press: ? - help, Q - select action, (/) - cycle Shift-Dir - straight line, f/p - ogre
Aim: an ogre, wielding a +0 giant club (severely wounded)
You feel a surge of power!
You freeze the ogre.
The ogre is almost dead.
* * * LOW HITPOINT WARNING * * *
The ogre closely misses you.
An iguana comes into view.
Aiming: Freeze (safe; 1% risk of failure)
Press: ? - help, Q - select action, (/) - cycle Shift-Dir - straight line, f/p - ogre
Aim: an ogre, wielding a +0 giant club (severely wounded)
You feel a surge of power!
You freeze the ogre!
You kill the ogre!
The iguana hisses angrily.
* * * LOW HITPOINT WARNING * * *
The jelly attacks as you move away! The jelly completely misses you.
You are too injured to fight recklessly!
Aiming: Freeze (safe; 1% risk of failure)
Press: ? - help, Q - select action, (/) - cycle Shift-Dir - straight line, f - jelly
Aim: a jelly You feel a surge of power!
You freeze the jelly.
The jelly is moderately wounded.
* * * LOW HITPOINT WARNING * * *
The jelly closely misses you.
Aiming: Freeze (safe; 1% risk of failure)
Press: ? - help, Q - select action, (/) - cycle Shift-Dir - straight line, f/p - jelly
Aim: a jelly (moderately wounded)
You feel a surge of power!
You freeze the jelly!
The jelly is almost dead.
* * * LOW HITPOINT WARNING * * *
The jelly hits you.
* * * LOW HITPOINT WARNING * * *
The acid corrodes you!
You are splashed with acid!
You die...

#...# ## ##.>.. .#
##....#### ##. #.
#........# ..# ...
##........### ..#...#
.#...........# ......#
...........#.###w..#
#....<..@#....).###
........#..J...........
.#...........$.#.......
....#.###......#..####.
.?. #. #........... ..
#. ...........### . .
###......##... .
....#### .#. .####. .


You could see a jelly.

Vanquished Creatures
  A black bear (D:4)
  An ogre (D:5)
  A scorpion (D:4)
  A jelly (D:3)
  An orc priest (D:3)
  Natasha (thrice) (D:3)
  An iguana (D:4)
  Robin (D:3)
  4 adders
  3 dart slugs
  6 orcs
  6 ball pythons
  4 bats
  3 endoplasms
  2 giant cockroaches (D:1)
  9 hobgoblins
  A quokka (D:4)
  4 frilled lizards
  9 goblins
  6 kobolds
  5 rats (D:2)
72 creatures vanquished.

Notes
Turn   | Place    | Note
-------+----------+-------------------------------------------
     0 | D:1      | Setbun the Djinni Ice Elementalist began the quest for the
                  | Orb.
     0 | D:1      | Setbun set off with the following spells memorised: Freeze,
                  | Frozen Ramparts, Ozocubu's Armour, Hailstorm.
     0 | D:1      | Reached XP level 1. HP: 15/15 MP: 0/0
     6 | D:1      | Noticed a minotaur skeleton
     7 | D:1      | Noticed a minotaur skeleton
   352 | D:1      | Reached XP level 2. HP: 16/21 MP: 0/0
   455 | D:1      | Found a faded altar of an unknown god.
   527 | D:1      | Identified the -2 pair of boots of Zieloh {Harm rCorr
                  | Str+7}
   965 | D:2      | Reached XP level 3. HP: 15/25 MP: 0/0
   965 | D:2      | Learned a level 1 spell: Summon Small Mammal
  1121 | D:2      | Found a sacrificial altar of Ru.
  1421 | D:2      | Reached skill level 4 in Spellcasting
  2217 | D:3      | Reached XP level 4. HP: 10/31 MP: 0/0
  2481 | D:3      | Noticed Natasha
  2495 | D:3      | Killed Natasha
  2505 | D:3      | Noticed Natasha
  2666 | D:3      | Killed Natasha
  2667 | D:3      | Reached XP level 5. HP: 18/35 MP: 0/0
  2667 | D:3      | Learned a level 2 spell: Ensorcelled Hibernation
  2994 | D:3      | Reached skill level 5 in Spellcasting
  3121 | D:3      | Noticed Natasha
  3130 | D:3      | Killed Natasha
  3180 | D:3      | Identified the +0 helmet of the Trout {SInv}
  3180 | D:3      | Noticed Robin
  3711 | D:3      | Killed Robin
  3712 | D:3      | Reached XP level 6. HP: 29/40 MP: 0/0
  4279 | D:4      | Noticed a black bear
  4286 | D:4      | Killed a black bear
  4287 | D:4      | Reached skill level 6 in Spellcasting
  4287 | D:4      | Reached XP level 7. HP: 21/45 MP: 0/0
  4287 | D:4      | Learned a level 3 spell: Confusing Touch
  4528 | D:4      | Found a snail-covered altar of Cheibriados.
  5302 | D:5      | Entered Level 5 of the Dungeon
  5323 | D:5      | HP: 2/45 [jelly (1)]
  5323 | D:5      | Splashed by a jelly's acid

Illustrated notes

Levels and vault maps discovered:
D:1:      shiori_arrival_whats_in_store_for_you, layout_rooms,
          hellmonk_ecumenical_altar_lost_god
D:2:      layout_basic, basic_altar
D:3:      layout_rooms, small_statue_intersection, uniq_robin, uniq_natasha
D:4:      layout_loops_ring, mainiacjoe_overflow_paths
D:5:      layout_rooms, lemuel_round_altar

Skill      XL: |  1  2  3  4  5  6 |
---------------+-------------------+-----
Spellcasting   | 4 5 6 |  6.5
Dodging        | |  2.1
Stealth        | |  1.5

Action                   |  1- 3 |  4- 6 |  7- 9 || total
-------------------------+-------+-------+-------++-------
Melee: Unarmed           |    11 |       |       ||    11
       Staff             |       |     2 |     2 ||     4
 Cast: Freeze            |    38 |    61 |    28 ||   127
Armor: Robe              |     6 |    11 |     4 ||    21
Dodge: Dodged            |    28 |    58 |    14 ||   100

Table legend: (Time is in decaauts)
 A = Elapsed time spent in this place.
 B = Non-inter-level travel time spent in this place.
 C = Inter-level travel time spent in this place.
 D = Time resting spent in this place.
 E = Time spent auto-exploring this place.
 F = Levels seen in this place.
 G = Mean time per level.
                   A        B        C        D        E       F      G
               +--------+--------+--------+--------+--------+-----+--------+
         Total |   5337 |   5202 |    135 |   1349 |   3373 |   5 | 1067.4 |
       Dungeon |   5337 |   5202 |    135 |   1349 |   3373 |   5 | 1067.4 |
               +--------+--------+--------+--------+--------+-----+--------+

Top non-repeatable levels by time:
     D:2: 2281 daAuts
     D:4: 1184 daAuts
     D:3: 1044 daAuts
     D:1: 806 daAuts
     D:5: 20 daAuts
